 Dungeon Crawl Stone Soup version 0.30-a0-639-g3916f1956a (webtiles) character file.

Game seed: 1100805135687250564

1951 drugrobin the Martial Artist (level 8, 0/70 HPs)
             Began as a Demigod Delver on Jan 16, 2023.
             Slain by an orc warrior
             ... wielding a +0 battleaxe
              (5 damage)
             ... on level 6 of the Dungeon.
             The game lasted 00:21:58 (5004 turns).

drugrobin the Martial Artist (Demigod Delver)       Turns: 5004, Time: 00:21:59

Health: 0/70       AC: 10    Str: 17    XL:     8   Next: 66%
Magic:  0/10       EV:  7    Int: 12    God:
Gold:   321        SH:  0    Dex: 19    Spells: 7/7 levels left

rFire   . . .      SeeInvis .    d - +1 spear (venom)
rCold   + . .      Faith    .    (no shield)
rNeg    . . .      Spirit   +    C - +2 chain mail {Will+}
rPois   .          Reflect  .    (no helmet)
rElec   .          Harm     .    (no cloak)
rCorr   .          Rampage  .    (no gloves)
Will    +....                    (no boots) Stlth
                                 s - amulet of guardian spirit
HPRegen 0.31/turn                r - ring of protection from cold
MPRegen 0.12/turn                (no ring)

@: no status effects
A: high MP 1, forlorn, divine attributes
a: no special abilities


You were on level 6 of the Dungeon.
You visited 1 branch of the dungeon, and saw 6 of its levels.
You also visited: Ossuary.

You collected 321 gold pieces.

Inventory:

Hand Weapons
 b - a +0 sling
 c - the +9 quarterstaff of Absolution {elec, rPois Str+3 Int-3 SInv}
   (You found it on level 5 of the Dungeon)

   Str:       It affects your strength (+3).
   Int:       It affects your intelligence (-3).
   rPois:     It protects you from poison.
   SInv:      It lets you see invisible.
 d - a +1 spear of venom (weapon)
 F - a +1 dagger of draining
Missiles
 D - 11 poisoned darts
 J - a boomerang
Armour
 a - a +0 leather armour
 C - a +2 chain mail of willpower (worn)
Magical Staves
 G - a staff of cold
Jewellery
 r - a ring of protection from cold (left hand)
 s - an amulet of guardian spirit (around neck)
 w - an amulet of the acrobat
Wands
 f - a wand of digging (7)
 u - a wand of mindburst (5)
 E - a wand of paralysis (4)
Scrolls
 e - 4 scrolls of teleportation {unknown}
 h - a scroll of amnesia
 i - a scroll of vulnerability
 q - 3 scrolls of magic mapping
 x - 2 scrolls of immolation {unknown}
 y - a scroll of silence
 B - 3 scrolls of fog
 I - 2 scrolls of blinking {unknown}
 K - a scroll of enchant weapon {unknown}
Potions
 g - 2 potions of ambrosia {unknown}
 j - a potion of magic {unknown}
 k - 2 potions of invisibility {unknown}
 l - 2 potions of might {unknown}
 m - a potion of lignification {unknown}
 n - a potion of haste
 p - 2 potions of mutation {unknown}
 t - a potion of berserk rage {unknown}
 v - 3 potions of brilliance {unknown}
 z - 4 potions of flight
 A - a potion of degeneration {unknown}
 H - a potion of cancellation {unknown}
 M - a potion of curing {unknown}


   Skills:
 + Level 5.8 Fighting
 - Level 1.7 Dodging
 - Level 4.5 Stealth
 * Level 9.1 Unarmed Combat
 + Level 2.7 Evocations


You had 7 spell levels left.
You didn't know any spells.
Your spell library contained the following spells:

 Spells                   Type           Power      Damage    Failure   Level
 Necrotise                Necr           0%         1d4       99%         1
 Sandblast                Erth           0%         2d4       99%         1
 Ensorcelled Hibernation  Hex/Ice        0%         N/A       100%        2
 Momentum Strike          Conj/Tloc      0%         3d8       100%        2
 Passwall                 Tmut/Erth      0%         N/A       100%        2
 Sublimation of Blood     Necr           0%         N/A       100%        2
 Wereblood                Tmut           0%         N/A       100%        2
 Swiftness                Air            0%         N/A       100%        3
 Vampiric Draining        Necr           0%         2d6       100%        3
 Animate Armour           Summ/Erth      0%         N/A       100%        4
 Passage of Golubria      Tloc           0%         N/A       100%        4
 Agony                    Necr           0%         N/A       100%        5
 Silence                  Hex/Air        0%         N/A       100%        5
 Statue Form              Tmut/Erth      0%         N/A       100%        6
 Spellforged Servitor     Conj/Summ      0%         N/A       100%        7
 Summon Hydra             Summ           0%         N/A       100%        7
 Lehudib's Crystal Spear  Conj/Erth      0%         10d2      100%        8


Dungeon Overview and Level Annotations

Branches:
Dungeon (6/15)             Temple (0/1) D:4         Ossuary (visited)

Annotations:
D:3 exclusion: downstairs


Innate Abilities, Weirdness & Mutations

You have an increased reservoir of magic. (+10% MP)
You shall have no god before yourself.
Your divine heritage dramatically boosts your attributes as you level up.


Message History

Unknown command.
Throw: 12 darts (poison)
Press: ? - help, Shift-Dir - straight line, f/p - orc warrior
Aim: an orc warrior, wielding a +0 battleaxe and wearing a +0 plate armour (heavily wounded, very poisoned, 63% to hit)
You throw a poisoned dart. The poisoned dart hits the orc warrior.
The orc warrior looks even sicker.
The orc warrior is heavily wounded.
Unknown command.
Throw: 2 darts (atropa)
Press: ? - help, Shift-Dir - straight line, f/p - orc warrior
Aim: an orc warrior, wielding a +0 battleaxe and wearing a +0 plate armour (heavily wounded, very poisoned, 63% to hit, chance to blind on hit: 67%)
You throw an atropa-tipped dart.
The atropa-tipped dart barely misses the orc warrior.
Unknown command.
Throw: dart (atropa)
Press: ? - help, Shift-Dir - straight line, f/p - orc warrior
Aim: an orc warrior, wielding a +0 battleaxe and wearing a +0 plate armour (heavily wounded, very poisoned, 63% to hit, chance to blind on hit: 67%)
You throw an atropa-tipped dart.
The atropa-tipped dart closely misses the orc warrior.
You hit the orc warrior but do no damage.
The orc warrior looks as sick as possible!
The orc warrior is heavily wounded.
The orc warrior hits you with a +0 battleaxe!
* * * LOW HITPOINT WARNING * * *
Unknown command.
Unknown command.
Okay, then.
Aiming: Mindburst
Press: ? - help, Shift-Dir - straight line, f/p - orc warrior
Aim: an orc warrior, wielding a +0 battleaxe and wearing a +0 plate armour (heavily wounded, extremely poisoned, chance to affect: 75%)
The orc warrior struggles to resist.
The orc warrior hits you with a +0 battleaxe.
* * * LOW HITPOINT WARNING * * *
Unknown command.
Aiming: Mindburst
Press: ? - help, Shift-Dir - straight line, f/p - orc warrior
Aim: an orc warrior, wielding a +0 battleaxe and wearing a +0 plate armour (severely wounded, extremely poisoned, chance to affect: 75%)
The orc warrior struggles to resist.
The orc warrior hits you with a +0 battleaxe!
You die...

...# ##......#### #.............#
#..###.....### #'''#.........#
.........### #...#..........
##.....######### #...#..........
#####..((..(..## #...#..........
##......(...# #...#..........
#####...........# #...#..........
.8.#...........o###...#..........
..........).....@# #..........
.8........######## #########.#
###.......# ### #........#
##.......# ##.....)#########
#..............# ##......(......#
##............#


You could see an orc warrior (extremely poisoned).

Vanquished Creatures
  Sigmund (D:4)
  An orc warrior (D:6)
  An ice beast (D:6)
  An ogre (D:6)
  A centaur (D:5)
  A necrophage (D:6)
  3 scorpions
  2 bullfrogs
  7 water moccasin zombies (Ossuary)
  2 jellies (D:5)
  A gnoll bouda (D:5)
  3 hounds
  2 orc priests
  2 iguanas (D:5)
  5 orc wizards
  4 mummies
  4 gnolls (D:5)
  7 adders
  2 white imps
  An ufetubus (D:6)
  3 adder zombies (Ossuary)
  4 worms
  A dart slug (D:5)
  12 orcs
  4 endoplasms
  3 giant cockroaches
  6 gnoll zombies (Ossuary)
  6 goblins
  5 hobgoblins
  2 quokkas
  3 ball pythons
  6 bats
  A frilled lizard (D:2)
  A goblin zombie (D:5)
  5 hobgoblin zombies
  7 kobolds
  4 kobold zombies
  6 orc zombies
  3 rats (D:1)
133 creatures vanquished.

Notes
Turn   | Place    | Note
-------+----------+-------------------------------------------
     0 | D:5      | drugrobin the Demigod Delver began the quest for the Orb.
     0 | D:5      | Reached XP level 1. HP: 18/18 MP: 3/3
    32 | D:5      | Noticed an iguana
   109 | D:4      | Found a staircase to the Ecumenical Temple.
   137 | D:4      | Noticed Sigmund
   181 | D:5      | Noticed an iguana
   185 | D:5      | Identified the +9 quarterstaff of Absolution {elec, rPois
                  | Str+3 Int-3 SInv}
   204 | D:5      | Noticed a scorpion
   208 | D:5      | Found a sand-covered staircase.
   212 | D:5      | Reached skill level 2 in Unarmed Combat
   212 | D:5      | Reached XP level 2. HP: 25/25 MP: 4/4
   214 | Ossuary  | Entered an ossuary
   232 | Ossuary  | Reached skill level 4 in Unarmed Combat
   232 | Ossuary  | Reached XP level 3. HP: 10/30 MP: 5/5
   344 | Ossuary  | Reached XP level 4. HP: 30/37 MP: 6/6
   347 | Ossuary  | Reached skill level 5 in Unarmed Combat
   347 | Ossuary  | Reached XP level 5. HP: 33/42 MP: 7/7
   477 | Ossuary  | Reached XP level 6. HP: 41/51 MP: 8/8
   526 | Ossuary  | Reached skill level 6 in Unarmed Combat
  1189 | D:5      | Reached XP level 7. HP: 57/59 MP: 7/9
  1334 | D:5      | Reached skill level 7 in Unarmed Combat
  1614 | D:5      | Got the Book of the Metallic Salvo
  1920 | D:4      | Killed Sigmund
  2711 | D:2      | Reached skill level 8 in Unarmed Combat
  2871 | D:2      | Reached skill level 5 in Fighting
  3842 | D:4      | Reached XP level 8. HP: 60/68 MP: 7/10
  3958 | D:4      | Reached skill level 1 in Evocations
  4766 | D:6      | Reached skill level 9 in Unarmed Combat
  5004 | D:6      | Slain by an orc warrior

Illustrated notes

Levels and vault maps discovered:
D:1:      wheals_arrival_shading, layout_loops_ring
D:2:      layout_rooms, nrook_mini_backslash, minmay_misc_feat_columns,
          kennysheep_potato
D:3:      layout_loops_cross, nicolae_overflow_quartered_altars,
          patterned_corridor
D:4:      layout_rooms, minmay_temple_entry_large_hall, uniq_sigmund
D:5:      layout_basic, mainiacjoe_overflow_tiny_flanked,
          nicolae_ossuary_entry_giza, minmay_mini_ossuary
D:6:      layout_cave_pods, mainiacjoe_overflow_24_doors, corexii_corridor_pit,
          kennysheep_cross_bottleneck, chequers_avenue, serial_park_tiny_1,
          dk_noncrumbling_4

Skill      XL: |  1  2  3  4  5  6  7  8 |
---------------+-------------------------+-----
Unarmed Combat | 2 4 5 6 8 9 |  9.1
Fighting       | 3 4 5 |  5.8
Evocations     | 2 |  2.7
Dodging        | |  1.7
Stealth        | |  4.5

Action                   |  1- 3 |  4- 6 |  7- 9 || total
-------------------------+-------+-------+-------++-------
Melee: Unarmed           |     5 |       |    67 ||    72
       Quarterstaff      |    23 |    82 |    61 ||   166
       Spear             |       |       |   109 ||   109
       Punch             |       |       |     5 ||     5
 Fire: Sling             |       |       |    29 ||    29
Throw: Dart              |       |       |     9 ||     9
Evoke: Wand              |       |       |     2 ||     2
  Use: Scroll            |     2 |       |     5 ||     7
       Potion            |     1 |       |       ||     1
 Stab: Sleeping          |     2 |     1 |     5 ||     8
Armor: Leather armour    |     3 |     5 |     8 ||    16
       Scale mail        |       |       |    15 ||    15
       Chain mail        |       |       |    61 ||    61
Dodge: Dodged            |    14 |    43 |    77 ||   134

Table legend: (Time is in decaauts)
 A = Elapsed time spent in this place.
 B = Non-inter-level travel time spent in this place.
 C = Inter-level travel time spent in this place.
 D = Time resting spent in this place.
 E = Time spent auto-exploring this place.
 F = Levels seen in this place.
 G = Mean time per level.
                   A        B        C        D        E       F      G
               +--------+--------+--------+--------+--------+-----+--------+
         Total |   5051 |   4859 |    192 |    581 |   2809 |   7 |  721.6 |
       Dungeon |   4519 |   4327 |    192 |    509 |   2573 |   6 |  753.2 |
       Ossuary |    531 |    531 |      0 |     72 |    236 |   1 |  531.0 |
               +--------+--------+--------+--------+--------+-----+--------+

Top non-repeatable levels by time:
     D:5: 1437 daAuts
     D:3: 788 daAuts
     D:6: 728 daAuts
     D:1: 591 daAuts
     D:4: 533 daAuts
 Ossuary: 531 daAuts
     D:2: 440 daAuts
